 Dungeon Crawl Stone Soup version 0.18-a0-1730-g73f0523 (webtiles) character file.

2845 4thArraOfDagon the Cleaver (level 9, -2/82 HPs)
             Began as a Hill Orc Berserker on Apr 10, 2016.
             Was a Believer of Trog.
             Killed from afar by an orc wizard (12 damage)
             ... with a puff of flame
             ... on level 7 of the Dungeon.
             The game lasted 00:09:33 (1868 turns).

4thArraOfDagon the Cleaver (Hill Orc Berserker)     Turns: 1868, Time: 00:09:34

Health: -2/82      AC: 13    Str: 23    XL:     9   Next: 74%
Magic:  9/9        EV: 10    Int:  7    God:    Trog [**....]
Gold:   110        SH:  0    Dex: 10    Spells: 0 memorised, 8 levels left

rFire  . . .     SeeInvis .     a - +0 hand axe
rCold  . . .     Gourm    .     i - +0 scale mail
rNeg   . . .     Faith    .     (no shield)
rPois  .         Spirit   .     (no helmet)
rElec  .         Dismiss  .     (no cloak)
rCorr  .         Reflect  .     (no gloves)
SustAt .         Harm     .     (no boots)
MR     ++...                    (no amulet)
Stlth  ..........               (no ring)
                                q - +5 ring of protection

@: exhausted, regenerating, slowed, very slow, very resistant to hostile
enchantments, extremely unstealthy
A: no striking features
a: Berserk, Trog's Hand, Burn Spellbooks, Renounce Religion


You were on level 7 of the Dungeon.
You worshipped Trog.
Trog was pleased with you.
You were very hungry.

You visited 1 branch of the dungeon, and saw 8 of its levels.
You also visited: Ossuary.

You collected 110 gold pieces.

Inventory:

Hand Weapons
 a - a +0 hand axe (weapon)
Armour
 i - a +0 scale mail (worn)
Jewellery
 q - a +5 ring of protection (left hand)
Wands
 d - a wand of lightning (9/15)
 l - a wand of teleportation (0/9)
 o - a wand of slowing (18/48)
 y - a wand of paralysis (11/24)
Scrolls
 f - a scroll of fear {unknown}
 j - 2 scrolls of fog
 k - a scroll of teleportation {unknown}
 p - a scroll of blinking {unknown}
 r - 2 scrolls of enchant armour {unknown}
 u - a scroll of magic mapping {unknown}
 v - 4 scrolls of remove curse
Potions
 b - a potion of beneficial mutation
 e - 2 potions of brilliance {unknown}
 g - a potion of resistance {unknown}
 h - 3 potions of might
 m - 4 potions of curing {unknown}
 n - a potion of cure mutation {unknown}
 s - a potion of berserk rage {unknown}
 t - 2 potions of lignification {unknown}
 w - a potion of ambrosia
 x - a potion of mutation {unknown}
 z - a potion of haste {unknown}
Comestibles
 c - 5 bread rations
 A - 3 chunks of flesh
 B - 5 fruits


   Skills:
 + Level 8.9 Fighting
 * Level 12.2 Axes
 + Level 7.4 Armour
 - Level 1.5 Dodging
 + Level 0.4 Evocations


You had 8 spell levels left.
You didn't know any spells.

Dungeon Overview and Level Annotations

Branches:
Dungeon (8/15)             Temple (0/1) D:5
   Lair: D:8-11

Altars:
Elyvilon
Qazlal
The Shining One

Shops:
D:5 }

Annotations:
D:5 Crazy Yiuf


Message History

* * * LOW HITPOINT WARNING * * *
You closely miss something. You closely miss something.
Your skin stops crawling.
You feel less resistant to hostile enchantments.
Something hits you but does no damage.
You closely miss something.
You hear some strange, mumbled words.
A puff of flame appears from out of thin air!
The puff of flame hits you!
* * * LOW HITPOINT WARNING * * *
Your skin crawls.
You feel resistant to hostile enchantments.
You feel slightly more hungry.
Something hits you but does no damage. x2
You hit something. Something hits you but does no damage.
You closely miss something.
You hear some strange, mumbled words.
A puff of flame appears from out of thin air!
The puff of flame hits you!
You die...

.....................#
.....................#
.[.......................
..
........†................
#..
.........................
#..
........))..............#
#.#
#.....................#.#
#.#
###...........##.###.##.#
.# #####{@.##### .# ## .#
###### #.).# .# ##
##....# #...# ## ##.....#
....# .####.....## #....#
........### .....#
#......## #.....#
##.....# ....##. ##..###
#...## ##


There were no monsters in sight!

Vanquished Creatures
  Pikel (D:7)
  The ghost of abixa the Ruffian, a novice TrWr (Ossuary)
  A spriggan (D:6)
  The ghost of 4thArraOfDagon the Chopper, an amateur HOBe of Trog (D:5)
  A hippogriff (D:7)
  Duvessa (D:5)
  A black bear (D:7)
  4 slaves (D:7)
  An ogre (D:5)
  A big kobold (D:7)
  A giant frog (D:7)
  Dowan (D:5)
  10 scorpions
  A centaur zombie (Ossuary)
  A hound (D:6)
  3 jellies (D:5)
  4 orc wizards
  A giant frog skeleton (D:5)
  4 human zombies (Ossuary)
  A killer bee zombie (D:7)
  2 big kobold zombies (Ossuary)
  4 mummies
  3 adders
  3 scorpion zombies (Ossuary)
  A shadow imp (D:5)
  An ooze (D:1)
  An adder zombie (D:2)
  5 worms
  A dart slug (D:2)
  5 orcs
  2 giant cockroaches
  A goblin (D:2)
  3 hobgoblins
  2 jackals (D:1)
  4 kobolds
  2 quokkas (D:2)
  A giant newt (D:2)
  3 gnoll zombies (Ossuary)
  A goblin zombie (Ossuary)
  2 hobgoblin zombies (Ossuary)
  An orc zombie (Ossuary)
  7 rats (D:1)
  2 fungi (D:5)
97 creatures vanquished.

Notes
Turn   | Place    | Note
--------------------------------------------------------------
     0 | D:1      | 4thArraOfDagon the Hill Orc Berserker began the quest for the Orb.
     0 | D:1      | Reached XP level 1. HP: 19/19 MP: 1/1
     1 | D:1      | Found a runed door.
    41 | D:1      | Reached XP level 2. HP: 25/27 MP: 2/2
   101 | D:2      | Reached XP level 3. HP: 23/33 MP: 3/3
   186 | D:2      | Reached ** piety under Trog
   215 | D:2      | Reached skill level 5 in Axes
   222 | D:2      | Found a stormy altar of Qazlal.
   361 | D:3      | Reached XP level 4. HP: 41/41 MP: 4/4
   397 | D:3      | You fall through a shaft for 2 floors!
   397 | D:5      | Entered Level 5 of the Dungeon
   404 | D:5      | Noticed Duvessa
   404 | D:5      | Noticed Dowan
   416 | D:5      | Killed Duvessa
   416 | D:5      | Reached skill level 6 in Axes
   416 | D:5      | Reached XP level 5. HP: 38/47 MP: 5/5
   416 | D:5      | Killed Dowan
   416 | D:5      | Reached skill level 5 in Fighting
   459 | D:5      | Noticed Crazy Yiuf
   471 | D:5      | Reached XP level 6. HP: 41/56 MP: 6/6
   480 | D:5      | Noticed 4thArraOfDagon's ghost (amateur HOBe)
   589 | D:5      | Killed 4thArraOfDagon's ghost
   589 | D:5      | Reached skill level 7 in Axes
   589 | D:5      | Reached XP level 7. HP: 62/62 MP: 7/7
   655 | D:5      | Found Pist's Gadget Shoppe.
   658 | D:5      | Found a sand-covered staircase.
   672 | D:5      | Reached skill level 8 in Axes
   682 | Ossuary  | Entered an ossuary
   720 | Ossuary  | Noticed abixa's ghost (novice TrWr)
   740 | Ossuary  | Killed abixa's ghost
   740 | Ossuary  | Reached skill level 9 in Axes
   740 | Ossuary  | Reached skill level 5 in Armour
   740 | Ossuary  | Reached XP level 8. HP: 13/71 MP: 8/8
  1009 | Ossuary  | Reached skill level 10 in Axes
  1264 | D:5      | Found a staircase to the Ecumenical Temple.
  1284 | D:5      | Reached XP level 9. HP: 80/80 MP: 9/9
  1464 | D:6      | Reached skill level 11 in Axes
  1492 | D:6      | Found a white marble altar of Elyvilon.
  1761 | D:7      | Noticed Pikel
  1777 | D:7      | Killed Pikel
  1777 | D:7      | Reached skill level 12 in Axes
  1795 | D:7      | Found a glowing golden altar of the Shining One.
  1868 | D:7      | Killed from afar by an orc wizard

Vault maps used:
D:1:      dpeg_arrival_caged_fury, minmay_rat_gold_closets
D:2:      old_standard_altar, serial_undead, serial_undead_f, serial_undead_f,
          serial_undead_d, serial_undead_c, serial_undead_c, serial_undead_a,
          serial_undead_b, kennysheep_small_spiral
D:3:      first_bread
D:5:      fedhas_altar_4, temple_fountains, gup_ossuary_entry_pyramid,
          serial_shops, shop_statue, uniq_crazy_yiuf_cottage, uniq_duvessa
D:6:      elyvilon_altar_1
D:7:      nicolae_overflow_hidden_temple, overflow_temple_1_default, the_bakery,
          kennysheep_cross_bottleneck, lemuel_blue_sif_altar, uniq_pikel
D:8:      lemuel_zombie_altar_kikubaaqudgha,
          yredelemnul_forgotten_temple_becter, david_lair_generic
Ossuary:  ossuary_minmay_scorpions

Skill      XL: |  1  2  3  4  5  6  7  8  9 |
---------------+----------------------------+-----
Fighting       | 4 5 6 7 8 |  8.9
Axes           | 5 6 7 9 10 12 | 12.2
Armour         | 3 4 5 6 7 |  7.4
Dodging        | |  1.5
Evocations     | |  0.4

Action                   |  1- 3 |  4- 6 |  7- 9 || total
-------------------------+-------+-------+-------++-------
Melee: Hand axe          |    70 |    68 |   236 ||   374
Invok: Berserk           |     4 |     3 |    11 ||    18
       Trog's Hand       |       |     5 |     5 ||    10
Evoke: Wand              |       |     2 |       ||     2
  Use: Scroll            |       |     1 |     4 ||     5
  Eat: Chunk             |     1 |     5 |     4 ||    10
       Fruit             |       |       |     4 ||     4
       Meat ration       |       |       |     1 ||     1
       Bread ration      |       |       |     1 ||     1
